 Dungeon Crawl Stone Soup version 0.28-a0-1613-gdaab1c2f9b (webtiles) character file.

Game seed: 908247029945684869

235 croobank the Firebug (level 5, 0/38 HPs)
             Began as a Draconian Fire Elementalist on Jan 21, 2022.
             Was an Initiate of Hepliaklqana.
             Killed by divine providence
             ... invoked by an orc priest
              (13 damage)
             ... on level 4 of the Dungeon.
             The game lasted 00:19:42 (4718 turns).

croobank the Firebug (Draconian Fire Elementalist)  Turns: 4718, Time: 00:19:42

Health: 0/38       AC:  6    Str: 12    XL:     5   Next: 76%
Magic:  2/9        EV: 12    Int: 16    God:    Hepliaklqana [......]
Gold:   143        SH:  0    Dex: 11    Spells: 7/10 levels left

rFire   . . .      SeeInvis .   b - +0 short sword
rCold   . . .      Faith    .   (no shield)
rNeg    . . .      Spirit   .   (armour unavailable)
rPois   .          Reflect  .   (helmet restricted)
rElec   .          Harm     .   (no cloak)
rCorr   .          Rampage  .   f - +0 pair of gloves
Will    .....                   (no boots)
Stlth   ++........              (no amulet)
HPRegen 0.12/turn               (no ring)
MPRegen 0.11/turn               (no ring)

@: no status effects
A: AC +5, unfitting armour, cold-blooded
a: Renounce Religion


You were on level 4 of the Dungeon.
You worshipped Hepliaklqana.
Hepliaklqana was noncommittal.
You visited 2 branches of the dungeon, and saw 5 of its levels.

You collected 143 gold pieces.

Inventory:

Hand Weapons
 b - a +0 short sword (weapon)
 l - a +0 hunting sling
 p - a +2 whip of freezing
 r - a +0 vorpal falchion
Missiles
 c - 55 stones
 g - 2 boomerangs
 h - 52 arrows
 i - 39 bolts
Armour
 f - a +0 pair of gloves (worn)
Magical Staves
 e - a staff of death
 o - a staff of air
Scrolls
 d - a scroll of holy word
 j - 2 scrolls of enchant armour {unknown}
 k - 3 scrolls of identify
 m - a scroll of vulnerability {unknown}
 n - a scroll of fear {unknown}
 q - a scroll of enchant weapon {unknown}
Potions
 a - a potion of curing


   Skills:
 + Level 2.9 Dodging
 + Level 3.1 Stealth
 + Level 3.0 Spellcasting
 + Level 2.6 Conjurations
 + Level 3.9 Fire Magic


You had 7 spell levels left.
You knew the following spells:

 Your Spells              Type           Power      Damage    Failure   Level
a - Foxfire               Conj/Fire      48%        2x1d6     4%          1
b - Scorch                Fire           28%        2d6       5%          2

Your spell library contained the following spells:

 Spells                   Type           Power      Damage    Failure   Level
 Magic Dart               Conj           40%        1d5       6%          1
 Searing Ray              Conj           20%        2d5       10%         2
 Conjure Flame            Conj/Fire      12%        6-21      14%         3
 Animate Skeleton         Necr           4%         N/A       19%         1
 Apportation              Tloc           4%         N/A       19%         1
 Summon Small Mammal      Summ           8%         N/A       19%         1
 Inner Flame              Hex/Fire       8%         N/A       26%         3
 Flame Wave               Conj/Fire      12%        2d6       43%         4
 Confusing Touch          Hex            2%         N/A       50%         3
 Fulminant Prism          Conj/Hex       3%         3d6       73%         4
 Yara's Violent Unravell  Hex/Tmut       1%         3d3       99%         5
 Enfeeble                 Hex            1%         N/A       100%        7


Dungeon Overview and Level Annotations

Branches:
Dungeon (4/15)             Temple (1/1) D:4

Altars:
Ashenzari
Dithmenos
Elyvilon
Fedhas
Gozag
Hepliaklqana
Kikubaaqudgha
Makhleb
Nemelex Xobeh
Okawaru
Qazlal
Ru
Sif Muna
Uskayaw
Xom
Yredelemnul


Innate Abilities, Weirdness & Mutations

Your plain brown scales are hard. (AC +5)
You cannot fit into any form of body armour.
You are cold-blooded and may be slowed by cold attacks.


Message History

You hit the orc priest but do no damage.
The orc priest is heavily wounded.
The orc priest invokes the aid of Beogh against you.
You barely resist.
Unknown command.
Unknown command.
You hit the orc priest but do no damage.
The orc priest is heavily wounded.
The orc priest hits you but does no damage. x2
You barely miss the orc priest.
The orc priest is heavily wounded.
The orc priest closely misses you.
You hit the orc priest but do no damage.
The orc priest is heavily wounded.
The orc priest closely misses you.
You hit the orc priest.
Your tail-slap misses the orc priest.
The orc priest is severely wounded.
The orc priest hits you with a +0 falchion.
You hit the orc priest but do no damage.
The orc priest is severely wounded.
The orc priest hits you with a +0 falchion.
You hit the orc priest.
You tail-slap the orc priest, but do no damage.
The orc priest is almost dead.
The orc priest hits you but does no damage.
You hit the orc priest but do no damage.
The orc priest is almost dead.
The orc priest calls down the wrath of Beogh upon you.
Beogh smites you!
You barely miss the orc priest.
The orc priest is almost dead.
The orc priest hits you with a +0 falchion.
You barely miss the orc priest.
The orc priest is almost dead.
The orc priest barely misses you.
You barely miss the orc priest.
The orc priest is almost dead.
The orc priest mumbles some strange prayers to Beogh against you.
Beogh smites you!
You die...

#>#...#.. #####.##.
#.#.. #.#.# #.#.# #.#..
####################.#..
...................>.#..
######@##############..
#o# #..


ooS #.. ##.#. #.. #.#.# ###.. ... . #.... #.. .# #.#.# ..# . #.#.# #.#.# You
could see an orc priest, 2 orcs and a ball python.

Vanquished Creatures
  A scorpion (D:4)
  2 orc priests
  An orc wizard (D:3)
  2 adders (D:3)
  3 dart slugs (D:2)
  5 orcs
  10 ball pythons
  3 endoplasms (D:1)
  8 giant cockroaches
  3 goblins
  4 hobgoblins
  2 jackals (D:3)
  3 quokkas
  4 bats
  2 frilled lizards
  7 kobolds
  6 rats
66 creatures vanquished.

Vanquished Creatures (others)
  32 foxfires
  3 plants (D:3)
35 creatures vanquished.

Grand Total: 101 creatures vanquished

Notes
Turn   | Place    | Note
-------+----------+-------------------------------------------
     0 | D:1      | croobank the Draconian Fire Elementalist began the quest
                  | for the Orb.
     0 | D:1      | Reached XP level 1. HP: 14/14 MP: 3/3
   498 | D:1      | Reached XP level 2. HP: 20/20 MP: 3/5
   910 | D:1      | Learned a level 2 spell: Scorch
  1670 | D:2      | Reached XP level 3. HP: 26/26 MP: 4/6
  1944 | D:2      | Found a blossoming altar of Fedhas.
  2604 | D:3      | Found an ancient bone altar of Kikubaaqudgha.
  2892 | D:3      | Reached XP level 4. HP: 16/33 MP: 7/7
  3411 | D:3      | HP: 1/33 [orc priest (1)]
  3751 | D:3      | Reached XP level 5. HP: 38/38 MP: 6/9
  4249 | D:4      | Found a hide-covered altar of Uskayaw.
  4493 | D:4      | Found a staircase to the Ecumenical Temple.
  4504 | Temple   | Entered the Ecumenical Temple
  4636 | Temple   | Became a worshipper of Hepliaklqana the Forgotten
  4718 | D:4      | Killed from afar by an orc priest

Illustrated notes

Levels and vault maps discovered:
D:1:      nicolae_arrival_washed_ashore, layout_basic
D:2:      layout_basic, basic_altar
D:3:      layout_loops_ring, nicolae_kikubaaqudgha_miasma_corner,
          hangedman_decor_diamond_cutter, small_statue_alley_b,
          minmay_shallow_snake_nest
D:4:      layout_loops_ring, lemuel_coloured_pillars_altar,
          minmay_temple_entry_proselytizer
Temple:   zaba_magenta_temple

Skill      XL: |  1  2  3  4  5 |
---------------+----------------+-----
Stealth        | 2 3 |  3.1
Dodging        | 2 |  2.9
Conjurations   | 2 |  2.6
Spellcasting   | 3 |  3.0
Fire Magic     | |  3.9

Action                   |  1- 3 |  4- 6 || total
-------------------------+-------+-------++-------
Melee: Short sword       |   114 |    35 ||   149
       Unarmed           |     5 |       ||     5
       Tailslap          |    12 |     4 ||    16
       Punch             |     2 |       ||     2
 Cast: Foxfire           |    19 |     4 ||    23
       Scorch            |     4 |    25 ||    29
  Use: Scroll            |     2 |       ||     2
       Potion            |     2 |     1 ||     3
 Stab: Sleeping          |     2 |     1 ||     3
Armor: Skin              |    54 |    18 ||    72
Dodge: Dodged            |    91 |    20 ||   111

Table legend: (Time is in decaauts)
 A = Elapsed time spent in this place.
 B = Non-inter-level travel time spent in this place.
 C = Inter-level travel time spent in this place.
 D = Time resting spent in this place.
 E = Time spent auto-exploring this place.
 F = Levels seen in this place.
 G = Mean time per level.
                   A        B        C        D        E       F      G
               +--------+--------+--------+--------+--------+-----+--------+
         Total |   4714 |   4607 |    107 |    994 |   2851 |   5 |  942.8 |
       Dungeon |   4554 |   4466 |     88 |    994 |   2720 |   4 | 1138.5 |
        Temple |    159 |    140 |     19 |      0 |    131 |   1 |  159.0 |
               +--------+--------+--------+--------+--------+-----+--------+

Top non-repeatable levels by time:
     D:1: 1587 daAuts
     D:3: 1456 daAuts
     D:2: 825 daAuts
     D:4: 685 daAuts
  Temple: 159 daAuts
